 Dungeon Crawl Stone Soup version 0.32-a0-913-g739538afd8 (webtiles) character file.

Game seed: 12568977702964352895

201241 KennySheep the Eclecticist (level 18, -3/189 HPs)
             Began as an Oni Hedge Wizard on Apr 6, 2024.
             Was the Champion of Cheibriados.
             Succumbed to black mamba's concentrated venom
             ... on level 4 of the Snake Pit on Apr 7, 2024.
             The game lasted 04:31:42 (40551 turns).

KennySheep the Eclecticist (Oni Hedge Wizard)      Turns: 40551, Time: 04:31:43

Health: -3/189     AC: 11    Str: 37    XL:     18   Next: 98%
Magic:  20/35      EV: 11    Int: 39    God:    Cheibriados [******]
Gold:   1287       SH:  0    Dex: 21    Spells: 4/51 levels left

rFire   . . .        a - staff of earth
rCold   . . .        n - orb {*channel}
rNeg    . . .        x - +3 troll leather armour {Pargi}
rPois   .            c - +0 hat
rElec   .            p - +2 cloak {Will+}
rCorr   .            (gloves unavailable)
SInv    .            (boots unavailable)
Will    +++..        O - amulet of magic regeneration
Stlth   ++++++       t - ring of wizardry
HPRegen 1.31/turn    e - ring of Shadows {Umbra +Inv Stlth+}
MPRegen 0.64/turn

%: wizardry (x1), channel magic (20%)
@: lethally poisoned (-3 -> -15), weakened, forested, very slightly
contaminated, slowed, wreathed by umbra, unable to drink, very slow
A: large, unfitting armour, horns 2, tough skin 1, double potion healing,
drunken brawling, clever 1, low MP 1, strong-willed 1, shaggy fur 1, strong 1,
inability to drink after injury 1
a: Renounce Religion, Evoke Invisibility, Bend Time, Temporal Distortion,
Slouch, Step From Time


You were on level 4 of the Snake Pit.
You worshipped Cheibriados.
Cheibriados was exalted by your worship.
You visited 6 branches of the dungeon, and saw 31 of its levels.
You also visited: Sewer and Gauntlet.

You collected 3361 gold pieces.
You spent 2074 gold pieces at shops.

Inventory:

Missiles
 z - 2 throwing nets
Armour
 c - a +0 hat (worn)
 n - an orb of energy (worn)
 p - a +2 cloak of willpower (worn)
 x - a +3 troll leather armour (worn) {Pargi}
Magical Staves
 a - a staff of earth (weapon)
 o - a staff of alchemy
Jewellery
 e - the ring of Shadows (right hand) {Umbra +Inv Stlth+}
   (You found it in a Gauntlet)

   [ring of stealth]

   Umbra:     It surrounds you with an aura of shadow, increasing your stealth
   and reducing the accuracy of all others within it.
   +Inv:      It lets you turn invisible.
   Stlth+:    It makes you more stealthy.
 t - a ring of wizardry (left hand)
 A - a ring of protection from fire
 K - a ring of see invisible
 M - the ring "Ydiupome" {rCorr Str+7}
   (You found it on level 14 of the Dungeon)

   [ring of resist corrosion]

   Str+7:     It affects your strength (+7).
   rCorr:     It protects you from acid and corrosion.
 O - an amulet of magic regeneration (around neck)
 R - a +4 ring of protection
 S - an amulet of regeneration
 Z - a ring of willpower
Wands
 q - a wand of warping (29)
 u - a wand of paralysis (34)
 B - a wand of polymorph (13)
 L - a wand of mindburst (27)
 V - a wand of flame (33)
Scrolls
 d - 3 scrolls of brand weapon
 f - 13 scrolls of identify
 g - 4 scrolls of enchant weapon
 j - 6 scrolls of revelation
 w - 4 scrolls of poison
 y - 8 scrolls of immolation
 D - 5 scrolls of enchant armour
 E - 5 scrolls of teleportation
 F - 5 scrolls of fog
 G - a scroll of summoning
 H - 8 scrolls of amnesia
 I - 2 scrolls of fear
 N - a scroll of silence
Potions
 b - a potion of might
 i - 3 potions of berserk rage
 k - 10 potions of heal wounds
 l - 18 potions of curing
 m - a potion of lignification
 r - 2 potions of magic
 s - 4 potions of haste
 v - 9 potions of enlightenment
 C - 2 potions of cancellation
 J - 3 potions of attraction
 P - a potion of ambrosia
 Q - 4 potions of brilliance
 U - a potion of resistance


   Skills:
 - Level 14.0 Fighting
 - Level 4.0 Dodging
 - Level 6.2 Stealth
 - Level 0.4 Shields
 + Level 17.4 Spellcasting
 * Level 13.9 Conjurations
 - Level 8.8 Summonings
 - Level 10.6 Translocations
 * Level 13.9 Earth Magic
 - Level 2.1 Alchemy
 - Level 11.2 Invocations


You had 4 spell levels left.
You knew the following spells:

 Your Spells              Type           Power      Damage    Failure   Level
a - Dispel Undead         Necr           33%        3d14      10%         4
b - Lehudib's Crystal Sp  Conj/Erth      60%        10d14     19%         8
c - Stone Arrow           Conj/Erth      100%       3d13      1%          3
d - Blink                 Tloc           100%       N/A       1%          2
e - Cigotuvi's Dreadful   Necr/Alch/Air  78%        N/A       2%          2
f - Iskenderun's Mystic   Conj/Tloc      92%        2d18      (+2d11%     4
g - Summon Small Mammal   Summ           100%       N/A       1%          1
h - Summon Cactus Giant   Summ           40%        N/A       5%          6
i - Mephitic Cloud        Conj/Alch/Air  66%        N/A       1%          3
j - Summon Mana Viper     Hex/Summ       62%        N/A       5%          5
l - Apportation           Tloc           100%       N/A       1%          1
m - Passwall              Erth           100%       N/A       1%          3
n - Summon Forest         Summ/Tloc      41%        N/A       1%          5

Your spell library contained the following spells:

 Spells                   Type           Power      Damage    Failure   Level
 Magic Dart               Conj           100%       1d8       1%          1
 Sting                    Conj/Alch      100%       1d9       1%          1
 Call Imp                 Summ           100%       N/A       1%          2
 Lesser Beckoning         Tloc           100%       N/A       1%          2
 Momentum Strike          Conj/Tloc      100%       3d10      1%          2
 Hailstorm                Conj/Ice       73%        3d13      1%          3
 Summon Ice Beast         Ice/Summ       62%        N/A       1%          3
 Animate Armour           Summ/Erth      100%       N/A       1%          4
 Flame Wave               Conj/Fire      73%        2d16      1%          4
 Leda's Liquefaction      Alch/Erth      49%        N/A       1%          4
 Petrify                  Alch/Erth      98%        N/A       1%          4
 Necrotise                Necr           100%       1d9       2%          1
 Slow                     Hex            100%       N/A       2%          1
 Jinxbite                 Hex            66%        N/A       2%          2
 Mercury Vapours          Alch/Air       84%        N/A       2%          2
 Scorch                   Fire           66%        2d7       2%          2
 Dimensional Bullseye     Hex/Tloc       33%        N/A       2%          4
 Martyr's Knell           Necr/Summ      62%        N/A       2%          4
 Frozen Ramparts          Ice            66%        1d10      4%          3
 Inner Flame              Hex/Fire       33%        N/A       4%          3
 Ozocubu's Armour         Ice            33%        N/A       4%          3
 Tukima's Dance           Hex            33%        N/A       4%          3
 Vampiric Draining        Necr           33%        2d8       4%          3
 Sticky Flame             Fire/Alch      42%        2d8       7%          4
 Anguish                  Hex/Necr       16%        N/A       10%         4
 Animate Dead             Necr           33%        N/A       10%         4
 Fireball                 Conj/Fire      36%        3d15      2%          5
 Permafrost Eruption      Ice/Erth       46%        2x4d11    9%          6
 Alistair's Intoxication  Alch           33%        N/A       12%         5
 Summon Hydra             Summ           40%        N/A       19%         7
 Curse of Agony           Necr           33%        N/A       21%         5
 Metabolic Englaciation   Hex/Ice        16%        N/A       21%         5
 Eringya's Noxious Bog    Alch           25%        4d6       41%         6
 Sculpt Simulacrum        Ice/Alch       21%        N/A       52%         6
 Chain Lightning          Conj/Air       36%        3d48      100%        9


Dungeon Overview and Level Annotations

Branches:
Dungeon (15/15)            Temple (1/1) D:5            Lair (5/5) D:10
  Swamp (4/4) Lair:3        Snake (4/4) Lair:3        Slime (0/5) Lair:5
    Orc (2/2) D:10            Elf (0/3) Orc:2        Vaults (0/5) D:13
 Depths (0/4) D:15          Sewer (visited)         Gauntlet (visited)

Altars:
Ashenzari
Cheibriados
Dithmenos
Elyvilon
Fedhas
Gozag
Hepliaklqana
Kikubaaqudgha
Makhleb
Nemelex Xobeh
Okawaru
Qazlal
Ru
Sif Muna
Trog
Uskayaw
Vehumet
Wu Jian
Xom
Yredelemnul
Zin
The Shining One
Beogh

Shops:
D:9 :   D:15 *   Orc:2 ?![*   Snake:3 *

Annotations:
Swamp:4 1 exclusion
Snake:1 Roxanne
Snake:3 3 runed translucent doors, exclusion: obsidian statue, jasper's ghost, adept MiFi
Orc:2 exclusion: oklob plant


Innate Abilities, Weirdness & Mutations

You are too large for most types of armour.
You have a pair of horns on your head.
You have tough skin. (AC +1)
You gain doubled healing and magic from potions.
Whenever you drink a healing potion, you attack all around you.
Your mind is acute. (Int +4, Str/Dex -1)
Your magical capacity is low. (-10% MP)
You are strong-willed. (Will+)
You are covered in fur. (AC +1)
Your muscles are strong. (Str +4, Int/Dex -1)
You occasionally lose the ability to drink potions when taking damage.


Message History

Your cactus giant is destroyed!
Your cactus giant disappears in a puff of smoke!
The black mamba bites you but does no damage.
The salamander tyrant calls gouts of flame from the lava!
The flame surge hits you!!!
* * * LOW HITPOINT WARNING * * *
You cannot drink potions in your current state!
Blink to where?
Press: ? - help, Dir - move target, p - salamander tyrant
As you read the scroll of blinking, it crumbles to dust.
You feel very sick.
Casting: Stone Arrow (safe; 1% risk of failure)
Confirm with . or Enter, or press ? or * to list all spells.
Okay, then.
You feel extremely sick.
You feel very sick.
Casting: Stone Arrow (safe; 1% risk of failure)
Confirm with . or Enter, or press ? or * to list all spells.
You miscast Summon Cactus Giant.
You are very lightly contaminated with residual magic.
Desperate hands claw out at you. Magical energy flows into your mind!
A nameless horror comes into view.
You feel sick.
The black mamba bites you but does no damage.
The black mamba bites you!
* * * LOW HITPOINT WARNING * * *
You are lethally poisoned!
You have difficulty breathing.
* * * LOW HITPOINT WARNING * * *
You feel yourself slow down.
You cannot drink potions in your current state!
Okay, then.
You step out of the flow of time.
You return to the normal time flow.
* * * LOW HITPOINT WARNING * * *
You feel very sick.
You cannot drink potions in your current state!
Unknown command.
Okay, then.
You die...
Cheibriados appreciates the motionlessness of death.

#.# #.# #.# #.# . #.#
####'' #.# ##♣.♣.♣. #.#
##.!..).~
###.#############♣♣...N~.
#.......@......)).)≈)N.~~
#.#.########.####.....N~~
#.#.# #.♣ ##†....~. #.#.#
#.# ♣##'♣♣♣♣ #.#.# #..
:.. #.#.# ### .♣♣# #.#.#
# #.#.## #....#


There were no monsters in sight!

Vanquished Creatures
  Saint Roka (Snake:3)
  Jorgrun (D:13)
  Frances (D:13)
  A fenstrider witch (Swamp:3)
  2 nagarajas (Snake:3)
  An orc warlord (Orc:2)
  A demonspawn black sun (D:13)
  An ironbound thunderhulk (D:13)
  An eleionoma (Swamp:3)
  Azrael (D:14)
  A dire elephant (Gauntlet)
  A minotaur (Gauntlet)
  4 bunyips
  An ettin (Orc:2)
  A shambling mangrove (Swamp:1)
  2 vault guards (D:13)
  A great orb of eyes (D:15)
  12 hydras
  2 ghost crabs
  2 catoblepae
  A boulder beetle (D:10)
  Erica (D:11)
  2 centaur warriors
  5 two-headed ogres
  7 alligators
  3 anacondas
  9 naga sharpshooters
  2 orc high priests
  A hell hog (Lair:5)
  Urug (D:10)
  4 naga warriors
  4 tengu warriors
  An occultist (D:15)
  3 shock serpents
  A spriggan berserker (Swamp:3)
  2 sun demons (D:13)
  Nergalle (D:11)
  The ghost of sirdedalot the Spry, a journeyman SpHu of Gozag (D:11)
  A salamander mystic (Snake:2)
  4 skysharks
  A soul eater (D:11)
  A goliath frog (Swamp:3)
  6 skeletal warriors (D:15)
  3 spriggan druids
  A sea snake (shapeshifter) (D:15)
  8 mana vipers
  3 naga ritualists
  4 bog bodies
  4 swamp dragons
  A wolf spider zombie (D:15)
  6 orc knights
  An obsidian bat (Orc:2)
  A wolf spider (Lair:5)
  5 orc sorcerers
  6 cyclopes
  2 deep elf pyromancers
  3 will-o-the-wisps
  13 ugly things
  6 salamanders
  Maurice (D:8)
  16 elephants
  3 nameless horrors
  A rust devil (D:11)
  A meliai (shapeshifter) (D:14)
  3 kobold blastminers
  30 black mambas
  5 centaur zombies (D:15)
  A guardian serpent (Lair:5)
  6 naga magi
  A large abomination (D:13)
  A torpor snail (Lair:5)
  11 cane toads
  5 rime drakes
  15 komodo dragons
  An efreet (D:13)
  An unseen horror (D:12)
  2 kobold demonologists
  2 orange demons (D:11)
  4 yaktaurs (D:15)
  A bloated husk (Swamp:2)
  6 hornets
  11 polar bears
  3 saltlings (Orc:2)
  6 trolls
  4 tyrant leeches
  4 dream sheep (Lair:3)
  8 blink frogs
  3 raiju (Lair:5)
  12 slime creatures
  2 shadows (D:15)
  4 spriggans
  A yak (shapeshifter) (D:15)
  A ynoxinul (D:11)
  22 wyverns
  A vampire (D:15)
  3 fire elementals (D:14)
  6 wraiths
  34 yaks
  3 steam dragons
  6 basilisks
  3 humans (D:13)
  10 wargs
  2 redbacks (Lair:5)
  2 vampire mosquitoes (D:13)
  A chaos spawn (D:11)
  20 nagas
  6 acid dragons
  3 small abominations (D:13)
  11 hell hounds
  11 swamp worms
  26 water moccasins
  2 swamp drakes
  An ice beast (D:6)
  Pargi (Sewer)
  16 orc warriors
  17 black bears
  A hornet zombie (D:15)
  29 wolves
  6 ogres
  7 centaurs
  2 phantoms
  7 kobold brigands
  A brain worm (Sewer)
  23 bullfrogs
  4 scorpions
  A gnoll sergeant (D:11)
  8 wights (D:9)
  6 electric eels
  3 howler monkeys
  A lava snake (D:11)
  2 jellies
  22 orc priests
  3 hounds
  3 gnoll boudas
  2 sleepcaps (D:6)
  4 iguanas
  Terence (D:2)
  14 orc wizards
  4 hell rats (Lair:4)
  2 centaur simulacra
  The ghost of petzl the Sneak, a weakling FoDe (D:3)
  7 gnolls
  10 adders
  A shadow imp (D:7)
  4 dart slugs
  3 ribbon worms
  78 orcs
  2 bats
  8 endoplasms
  3 giant cockroaches
  12 goblins
  8 hobgoblins
  4 jackals (D:2)
  38 kobolds
  5 quokkas
  21 ball pythons
  5 frilled lizards
  6 rats
922 creatures vanquished.

Vanquished Creatures (collateral kills)
  Mara (Snake:3)
  Asterion (Snake:3)
  A thorn hunter (Swamp:3)
  A nagaraja (Snake:4)
  Louise (D:14)
  2 eleionomae
  2 bunyips
  4 anacondas
  A tengu warrior (D:15)
  6 naga sharpshooters
  2 shock serpents (Snake:3)
  6 naga warriors
  2 skeletal warriors (D:15)
  2 salamander mystics
  A bog body (Swamp:2)
  2 goliath frogs
  4 spriggan druids
  A swamp dragon (Swamp:1)
  A naga ritualist (Snake:2)
  2 mana vipers
  An orc knight (D:15)
  A deep elf pyromancer (D:13)
  An orc sorcerer (Orc:2)
  2 cyclopes
  10 salamanders
  3 centaur zombies (D:15)
  3 ugly things (D:15)
  An orange demon (D:11)
  6 black mambas
  4 guardian serpents
  11 naga magi
  A troll (Snake:3)
  A polar bear (Lair:5)
  2 hornets (Swamp:4)
  A bloated husk (Swamp:3)
  A raiju (Lair:5)
  A saltling (Orc:2)
  A nameless horror (D:13)
  A meliai zombie (D:15)
  13 slime creatures
  A shadow (D:15)
  4 spriggans
  A wraith (D:15)
  A basilisk (Lair:4)
  2 wargs
  5 vampire mosquitoes (D:13)
  23 nagas
  2 swamp worms
  2 hell hounds (Lair:5)
  4 swamp drakes
  10 orc warriors
  An ogre (Orc:2)
  2 wolves
  2 orc priests
  An iguana (D:5)
  An orc wizard (Orc:2)
  A gnoll (D:11)
  11 orcs
  An endoplasm (D:3)
  A goblin (D:3)
  A quokka (D:3)
  A spectral weapon (Swamp:4)
186 creatures vanquished.

Vanquished Creatures (others)
  A bloated husk (Swamp:2)
  13 foxfires
  16 snaplasher vines
30 creatures vanquished.

Grand Total: 1138 creatures vanquished

Notes
Turn   | Place    | Note
-------+----------+-------------------------------------------
     0 | D:1      | KennySheep the Oni Hedge Wizard began the quest for the
                  | Orb.
     0 | D:1      | Reached XP level 1. HP: 16/16 MP: 5/5
   171 | D:1      | Reached skill level 1 in Conjurations
   239 | D:1      | Reached skill level 1 in Fighting
   415 | D:1      | Reached XP level 2. HP: 27/27 MP: 2/6
   740 | D:1      | Reached skill level 4 in Spellcasting
   960 | D:1      | Learned a level 2 spell: Call Imp
   962 | D:1      | Learned a level 1 spell: Slow
   965 | D:1      | Learned a level 2 spell: Blink
   968 | D:1      | Learned a level 2 spell: Cigotuvi's Dreadful Rot
  1050 | D:1      | Reached XP level 3. HP: 33/35 MP: 4/8
  1637 | D:2      | Found a faded altar of an unknown god.
  1719 | D:2      | Noticed Terence
  1755 | D:2      | Killed Terence
  1756 | D:2      | Reached XP level 4. HP: 44/44 MP: 10/10
  2204 | D:2      | Identified the +2 hand axe of Bloody Death {flame, rN+
                  | Int-2 Dex+2}
  2307 | D:2      | Learned a level 2 spell: Momentum Strike
  2804 | D:3      | Noticed a scorpion
  2867 | D:3      | Killed a scorpion
  2868 | D:3      | Reached skill level 5 in Spellcasting
  2868 | D:3      | Reached skill level 1 in Translocations
  2868 | D:3      | Reached XP level 5. HP: 49/53 MP: 7/12
  3397 | D:3      | Learned a level 1 spell: Summon Small Mammal
  3399 | D:3      | Learned a level 1 spell: Sting
  3488 | D:3      | Found a large runed translucent door.
  3488 | D:3      | Found a large runed translucent door.
  3497 | D:3      | Noticed petzl's ghost (weakling FoDe)
  3733 | D:3      | Reached XP level 6. HP: 49/61 MP: 10/14
  4033 | D:4      | Reached skill level 1 in Alchemy
  4159 | D:4      | Learned a level 3 spell: Mephitic Cloud
  4452 | D:4      | Reached skill level 6 in Spellcasting
  4460 | D:4      | Reached XP level 7. HP: 47/70 MP: 9/16
  4742 | D:5      | Entered Level 5 of the Dungeon
  5047 | D:6      | Found a glowing drain.
  5063 | Sewer    | Entered a sewer
  5179 | Sewer    | Noticed Pargi
  5188 | Sewer    | Killed Pargi
  5189 | Sewer    | Reached skill level 5 in Fighting
  5189 | Sewer    | Reached skill level 7 in Spellcasting
  5189 | Sewer    | Reached XP level 8. HP: 60/80 MP: 9/18
  5565 | D:6      | Learned a level 4 spell: Iskenderun's Mystic Blast
  6150 | D:6      | Reached skill level 8 in Spellcasting
  6333 | D:6      | Found a white marble altar of Elyvilon.
  6624 | D:6      | Found a snail-covered altar of Cheibriados.
  6638 | D:6      | Became a worshipper of Cheibriados the Contemplative
  6642 | D:6      | Learned a level 2 spell: Lesser Beckoning
  6644 | D:6      | Learned a level 1 spell: Apportation
  6734 | D:7      | Reached skill level 1 in Invocations
  6734 | D:7      | Reached XP level 9. HP: 92/92 MP: 21/21
  6778 | D:7      | Reached * piety under Cheibriados
  7336 | D:7      | Found a broken altar of Ashenzari.
  7336 | D:7      | Found a stormy altar of Qazlal.
  7344 | D:7      | Found an iron altar of Okawaru.
  7346 | D:7      | Found a faded altar of an unknown god.
  7348 | D:7      | Found a shadowy altar of Dithmenos.
  7480 | D:7      | Got the Vellum of the Misty Lithosphere
  7487 | D:7      | Learned a level 3 spell: Passwall
  7585 | D:8      | Noticed Maurice
  7653 | D:8      | Reached skill level 9 in Spellcasting
  7657 | D:8      | Reached skill level 5 in Conjurations
  7733 | D:8      | Noticed a two-headed ogre
  7773 | D:8      | Killed a two-headed ogre
  7992 | D:8      | Identified the +8 quarterstaff "Qucsucs" {heavy, Str-3
                  | Int+4}
  8001 | D:8      | Paralysed by Maurice for 3 turns
  8009 | D:8      | Reached ** piety under Cheibriados
  8010 | D:8      | Paralysed by something for 5 turns
  8300 | D:8      | Reached XP level 10. HP: 69/104 MP: 13/23
  8457 | D:8      | Reached skill level 5 in Translocations
  8848 | D:9      | Noticed a two-headed ogre
  8858 | D:9      | Killed a two-headed ogre
  8863 | D:9      | Noticed a tengu warrior
  8866 | D:9      | Noticed a centaur warrior
  8880 | D:9      | Killed a centaur warrior
  8920 | D:9      | Found Lionun's Self-Published Books.
  8925 | D:9      | Bought the Compilation of Basic Undead Handling for 280
                  | gold pieces
  9165 | D:9      | Learned a level 4 spell: Dispel Undead
  9452 | D:9      | Reached *** piety under Cheibriados
  9751 | D:9      | Reached skill level 10 in Spellcasting
  9751 | D:9      | Reached skill level 5 in Invocations
 10131 | D:9      | Killed a tengu warrior
 10240 | D:9      | Noticed a two-headed ogre
 10246 | D:9      | Killed a two-headed ogre
 10247 | D:9      | Reached XP level 11. HP: 115/115 MP: 21/25
 10626 | D:10     | Entered Level 10 of the Dungeon
 10639 | D:10     | Noticed Urug
 10654 | D:10     | Reached **** piety under Cheibriados
 10655 | D:10     | Killed Urug
 11069 | D:10     | Found a staircase to the Lair.
 11371 | D:10     | Found a staircase to the Orcish Mines.
 11518 | D:10     | Reached ***** piety under Cheibriados
 11640 | D:10     | Noticed a boulder beetle
 11675 | D:10     | Killed a boulder beetle
 11676 | D:10     | Reached skill level 10 in Fighting
 12425 | D:11     | Noticed Nergalle
 12593 | Orc:1    | Entered Level 1 of the Orcish Mines
 12593 | Orc:1    | Noticed an orc high priest
 12598 | Orc:1    | Killed an orc high priest
 12599 | Orc:1    | Noticed an orc sorcerer
 12600 | Orc:1    | Reached XP level 12. HP: 63/126 MP: 23/26
 12607 | D:10     | HP: 6/126 [warg (17)]
 12609 | D:10     | Reached skill level 11 in Spellcasting
 13410 | Orc:2    | Entered Level 2 of the Orcish Mines
 13415 | Orc:2    | Found a roughly hewn altar of Beogh.
 13417 | Orc:2    | Found a gate leading to a gauntlet.
 13439 | Gauntlet | Entered a Gauntlet
 13439 | Gauntlet | Found a transporter.
 13441 | Gauntlet | Noticed a cacodemon
 13442 | Gauntlet | Found a transporter.
 13458 | Gauntlet | Found a transporter.
 13462 | Gauntlet | Found a transporter.
 13468 | Gauntlet | Noticed a dire elephant
 13482 | Gauntlet | Found a transporter.
 13492 | Gauntlet | Found the +2 hat of the Bear Spirit {Spirit, Bear, *Rage
                  | Will++}
 13494 | Gauntlet | Found a transporter.
 13498 | Gauntlet | Found a runed translucent door.
 13508 | Gauntlet | Found a transporter.
 13528 | Gauntlet | Found a transporter.
 13532 | Gauntlet | Found a transporter.
 13541 | Gauntlet | Found a transporter.
 13561 | Gauntlet | Noticed a thrashing horror
 13567 | Gauntlet | Found a transporter.
 13568 | Gauntlet | Found a transporter.
 13600 | Gauntlet | Found the ring of Shadows {Umbra +Inv Stlth+}
 13665 | Gauntlet | Killed a dire elephant
 13839 | Gauntlet | Noticed a minotaur
 13858 | Gauntlet | Killed a minotaur
 14122 | Orc:2    | Found a staircase to the Elven Halls.
 14440 | Orc:2    | Noticed an ettin
 14454 | Orc:2    | Killed an ettin
 14651 | Orc:2    | Learned a level 5 spell: Summon Forest
 14734 | Orc:2    | Reached skill level 1 in Summonings
 14940 | Orc:2    | Paralysed by an orc sorcerer for 5 turns
 14980 | Orc:2    | Reached ****** piety under Cheibriados
 15214 | Orc:2    | Noticed an orc high priest
 15220 | Orc:2    | Killed an orc high priest
 15462 | Lair:1   | Entered Level 1 of the Lair of Beasts
 15678 | Lair:1   | Reached XP level 13. HP: 129/137 MP: 28/28
 15751 | Lair:1   | You fall into a shaft and drop 1 floor!
 17221 | Lair:2   | Reached skill level 12 in Spellcasting
 17710 | Lair:3   | Found an ornate altar of the Wu Jian Council.
 17935 | Lair:3   | Reached skill level 5 in Summonings
 18625 | Lair:3   | Found a staircase to the Snake Pit.
 19011 | Lair:3   | Found a staircase to the Swamp.
 19266 | Lair:4   | Reached XP level 14. HP: 150/150 MP: 30/30
 19273 | Lair:4   | Reached skill level 10 in Translocations
 19415 | Lair:4   | Learned a level 6 spell: Summon Cactus Giant
 20050 | Lair:4   | Reached skill level 10 in Invocations
 20262 | Lair:4   | Reached skill level 5 in Stealth
 20361 | Lair:5   | Entered Level 5 of the Lair of Beasts
 20740 | Lair:5   | Reached skill level 13 in Spellcasting
 20985 | Lair:5   | Reached XP level 15. HP: 145/162 MP: 2/32
 21607 | Lair:5   | Found a staircase to the Slime Pits.
 22068 | Orc:2    | Noticed an orc warlord
 22089 | Orc:2    | Killed an orc warlord
 22273 | D:9      | Found Lionun's Self-Published Books.
 22328 | D:9      | Learned a level 3 spell: Stone Arrow
 23267 | D:10     | Upgraded the game from 0.32-a0-900-g30fb1b0edc to
                  | 0.32-a0-909-gc671339a80
 23472 | Lair:5   | Reached skill level 1 in Earth Magic
 23517 | Lair:5   | Got Sif Muna's Incunable of the Enchanted Salamander
 23793 | D:11     | Killed Nergalle
 23963 | D:11     | Found a runed translucent gate.
 23963 | D:11     | Found a runed translucent gate.
 23963 | D:11     | Found a runed translucent gate.
 23964 | D:11     | Noticed sirdedalot's ghost (journeyman SpHu)
 24196 | D:11     | Noticed Erica
 24207 | D:11     | Killed Erica
 24793 | D:12     | Reached skill level 10 in Conjurations
 25875 | Orc:2    | Found Giamyopu's Assorted Antiques.
 25881 | Orc:2    | Bought a scroll of summoning for 228 gold pieces
 25881 | Orc:2    | Bought a scroll of blinking for 180 gold pieces
 25881 | Orc:2    | Bought 2 scrolls of teleportation for 144 gold pieces
 25881 | Orc:2    | Bought a scroll of summoning for 228 gold pieces
 25895 | Orc:2    | Found Muthritz's Distillery.
 25896 | Orc:2    | Found a roughly hewn altar of Beogh.
 25897 | Orc:2    | Found Vamye's Armour Shoppe.
 25917 | Orc:2    | Found Wulaecir's Magic Scroll Shoppe.
 25925 | Orc:2    | Bought a scroll of teleportation for 42 gold pieces
 25925 | Orc:2    | Bought a scroll of enchant armour for 105 gold pieces
 25925 | Orc:2    | Bought a scroll of amnesia for 56 gold pieces
 25943 | Orc:2    | Bought 2 potions of heal wounds for 140 gold pieces
 25943 | Orc:2    | Bought a potion of curing for 42 gold pieces
 25943 | Orc:2    | Bought a potion of heal wounds for 70 gold pieces
 25943 | Orc:2    | Bought a potion of curing for 42 gold pieces
 25943 | Orc:2    | Bought 2 potions of heal wounds for 140 gold pieces
 25943 | Orc:2    | Bought a potion of heal wounds for 70 gold pieces
 25943 | Orc:2    | Bought a potion of curing for 42 gold pieces
 25943 | Orc:2    | Bought a potion of heal wounds for 70 gold pieces
 26226 | Snake:1  | Entered Level 1 of the Snake Pit
 26232 | Snake:1  | Reached skill level 14 in Spellcasting
 26388 | Snake:1  | Learned a level 8 spell: Lehudib's Crystal Spear
 26574 | Snake:1  | Reached skill level 5 in Earth Magic
 26672 | Snake:1  | Reached XP level 16. HP: 54/172 MP: 27/34
 27481 | Snake:1  | Noticed Roxanne
 27606 | Swamp:1  | Entered Level 1 of the Swamp
 28020 | Swamp:1  | Found a white marble altar of Elyvilon.
 28673 | Swamp:2  | Identified the +6 mace of Doors {holy, rPois Stlth+}
 29232 | Swamp:3  | Reached skill level 15 in Spellcasting
 29411 | Swamp:3  | Noticed a thorn hunter
 29419 | Swamp:3  | Killed a thorn hunter
 29431 | Swamp:3  | Noticed a fenstrider witch
 29434 | Swamp:3  | Paralysed by a fenstrider witch for 3 turns
 29440 | Swamp:3  | Killed a fenstrider witch
 29814 | Swamp:4  | Entered Level 4 of the Swamp
 30220 | D:13     | Reached XP level 17. HP: 150/180 MP: 26/36
 30225 | D:13     | Noticed Frances
 30236 | D:13     | Killed Frances
 30945 | D:13     | Got the Tome of The Black Sun
 31089 | D:13     | Noticed Jorgrun
 31097 | D:13     | Killed Jorgrun
 31098 | D:13     | Reached skill level 10 in Earth Magic
 31119 | D:13     | Found a gate to the Vaults.
 31159 | D:14     | Noticed Louise
 31265 | D:14     | Killed Louise
 31641 | D:14     | Identified the ring "Ydiupome" {rCorr Str+7}
 31653 | D:14     | Gained mutation: Your spells are a little easier to cast,
                  | but a little less powerful. [mutagenic glow]
 32128 | D:14     | Noticed Azrael
 33112 | Snake:1  | Gained mutation: You occasionally shout uncontrollably at
                  | your foes. [mutagenic glow]
 33134 | Snake:1  | Lost mutation: You occasionally shout uncontrollably at
                  | your foes. [potion of mutation]
 33134 | Snake:1  | Lost mutation: Your spells are a little easier to cast, but
                  | a little less powerful. [potion of mutation]
 33134 | Snake:1  | Gained mutation: Your muscles are strong. (Str +4, Int/Dex
                  | -1) [potion of mutation]
 33134 | Snake:1  | Gained mutation: You are occasionally teleported next to
                  | monsters. [potion of mutation]
 33134 | Snake:1  | Gained mutation: You sometimes lose your temper in combat.
                  | [potion of mutation]
 33134 | Snake:1  | Gained mutation: Your mind is acute. (Int +4, Str/Dex -1)
                  | [potion of mutation]
 33135 | Snake:1  | Lost mutation: You are occasionally teleported next to
                  | monsters. [potion of mutation]
 33135 | Snake:1  | Lost mutation: You sometimes lose your temper in combat.
                  | [potion of mutation]
 33135 | Snake:1  | Gained mutation: Your magical capacity is low. (-10% MP)
                  | [potion of mutation]
 33135 | Snake:1  | Gained mutation: You are covered in fur. (AC +1) [potion of
                  | mutation]
 33135 | Snake:1  | Gained mutation: You have a pair of horns on your head.
                  | [potion of mutation]
 33135 | Snake:1  | Gained mutation: You possess an exceptional clarity of
                  | mind. [potion of mutation]
 34300 | Snake:2  | Reached skill level 16 in Spellcasting
 34474 | Snake:3  | Noticed Mara
 34485 | Snake:3  | Noticed KennySheep's illusion
 34485 | Snake:3  | Killed Mara
 34602 | Snake:3  | Found Socza's Overcharged Wands.
 34639 | Snake:3  | Noticed Asterion
 34648 | Snake:3  | Killed Asterion
 34829 | Snake:3  | Found a runed translucent gate.
 34830 | Snake:3  | Noticed Saint Roka
 34857 | Snake:3  | Killed Saint Roka
 34860 | Snake:3  | Reached XP level 18. HP: 97/189 MP: 14/34
 35443 | Snake:3  | Found a runed translucent gate.
 35443 | Snake:3  | Found a runed translucent gate.
 35444 | Snake:3  | Found an opulent altar of Gozag.
 35444 | Snake:3  | Noticed jasper's ghost (adept MiFi)
 36103 | D:5      | Found a staircase to the Ecumenical Temple.
 36117 | Temple   | Entered the Ecumenical Temple
 36437 | D:3      | Killed petzl's ghost
 36570 | D:8      | Maurice stole the ring "Ydiupome" {rCorr Str+7}
 36572 | D:8      | Maurice stole 2 throwing nets
 36573 | D:8      | Killed Maurice
 36576 | D:8      | Lost mutation: You possess an exceptional clarity of mind.
                  | [mutagenic glow]
 36682 | D:11     | Killed sirdedalot's ghost
 36986 | D:14     | Killed Azrael
 37192 | D:15     | Entered Level 15 of the Dungeon
 37385 | D:15     | Found Ydemisk's Assorted Antiques.
 37390 | D:15     | Bought a scroll of blinking for 195 gold pieces
 37512 | D:15     | Gained mutation: You are strong-willed. (Will+) [mutagenic
                  | glow]
 37601 | D:15     | Identified the +3 quarterstaff of the Unspeakable One
                  | {drain, Dex+3}
 38113 | D:15     | Reached skill level 17 in Spellcasting
 38527 | D:15     | Found a staircase to the Depths.
 39076 | Swamp:3  | Upgraded the game from 0.32-a0-909-gc671339a80 to
                  | 0.32-a0-913-g739538afd8
 39817 | Swamp:3  | Gained mutation: You occasionally lose the ability to drink
                  | potions when taking damage. [mutagenic glow]
 40100 | Snake:4  | Entered Level 4 of the Snake Pit
 40367 | Snake:4  | Learned a level 5 spell: Summon Mana Viper
 40549 | Snake:4  | HP: 9/189 [asphyx]
 40551 | Snake:4  | Succumbed to black mamba's concentrated venom

Illustrated notes

Levels and vault maps discovered:
D:1:      sevenhm_arrival_forest_fort_small_4, layout_basic, minmay_pentomino_q2
D:2:      minmay_recursive_quarters, layout_basic, basic_ecumenical_altar,
          st_stairs_12, uniq_terence
D:3:      minmay_chambers_of_twos, layout_loops_ring,
          ebering_ghost_disaster_area
D:4:      layout_cave_pools, kennysheep_small_circle
D:5:      layout_rooms, minmay_temple_entry_slanted
D:6:      wad_lake_hut, layout_cave_pools, nicolae_elyvilon_temple_path,
          slow_altar_2, portal_sewer_entry_d
D:7:      layout_rooms, chequers_temple_overflow_minitemple, lemuel_flame_loot_1
D:8:      layout_basic, uniq_maurice
D:9:      wad_arrow_thing, layout_stronghold, enter_bailey_3,
          nicolae_custom_books
D:10:     layout_basic, due_lair_maze_entry_diamond, david_orc_1_choice,
          uniq_urug
D:11:     layout_rooms, ebering_ghost_rock_garden, serial_demonic,
          serial_demonic_f, serial_demonic_b, serial_demonic_g,
          serial_demonic_e, kennysheep_donut, uniq_nergalle, uniq_erica
D:12:     layout_loops_ring
D:13:     dreamdust_black_sun_cult, layout_rooms, hellmonk_vaults_keyhole,
          serial_bayou_lagoon_b, uniq_jorgrun, uniq_frances
D:14:     layout_gridville, wad_floor_pattern_untrapped, uniq_louise,
          uniq_azrael
D:15:     gammafunk_enter_depths_forms, layout_basic, minmay_door_square,
          serial_undead, serial_undead_d, serial_undead_a, serial_undead_b,
          serial_undead_f, serial_undead_b, serial_undead_d, serial_undead_b,
          serial_shops, nicolae_shop_hallway_stairs
Temple:   nicolae_temple_x_marks_the_god
Lair:1:   layout_regular_city, minmay_holes
Lair:2:   layout_gridlike
Lair:3:   nzn_winding_woodlands_three_and_one
          [nzn_winding_woodlands_5x15_pathside_ponds,
          nzn_winding_woodlands_5x15_sawtooth,
          nzn_winding_woodlands_5x15_jagged,
          nzn_winding_woodlands_center_garden], layout_cave_shapes,
          minmay_swamp_entry_worms, guppyfry_snake_entry_island, basic_altar,
          hangedman_lair_unloving_vines
Lair:4:   layout_cave_pods, grunt_megastairs_5
Lair:5:   hangedman_lair_caniforms_friends, layout_layer_cave,
          hangedman_lair_tendril_chambers, dpeg_slime_entry_corner
Swamp:1:  layout_falls_marsh, nicolae_swamp_godswood, swamp_pool_4,
          lightli_tree_ring, infiniplex_staircase_pool
Swamp:2:  layout_falls_marsh, evilmike_swamp_ruin_house_4
Swamp:3:  layout_basic_swamp, evilmike_swamp_ruin_house_5, swamp_pool_3,
          cheibrodos_swamp_witchery
Swamp:4:  byrel_swamp_growth_death_and_undeath, layout_basic_swamp
Snake:1:  layout_chambers, grunt_megastairs_3, uniq_roxanne
Snake:2:  layout_onion_interference
Snake:3:  layout_onion, ebering_ghost_gozag, nicolae_shop_overcharged_wands,
          uniq_mara, uniq_asterion, uniq_saint_roka
Snake:4:  snake_pit, layout_gridlike
Orc:1:    layout_caves, nicolae_orc_tapped_out
Orc:2:    hellmonk_orc_salted, layout_diamond_mine, gauntlet_entry_generic,
          basic_altar, mines3_lemuel

Skill      XL: |  1  2  3  4  5  6  7  8  9 10 11 12 13 14 15 16 17 18 |
---------------+-------------------------------------------------------+-----
Conjurations   | 1 2 3 4 5 7 8 9 10 11 12 13 | 13.9
Fighting       | 1 2 3 4 5 6 7 9 10 11 12 13 14 | 14.0
Spellcasting   | 4 5 6 7 8 9 10 11 12 13 14 15 16 17 | 17.4
Translocations | 1 3 4 6 8 9 10 | 10.6
Alchemy        | 1 2 |  2.1
Invocations    | 1 3 5 7 8 9 10 11 | 11.2
Stealth        | 2 4 5 6 |  6.2
Summonings     | 3 6 8 |  8.8
Dodging        | 4 |  4.0
Earth Magic    | 5 9 11 13 | 13.9
Shields        | |  0.4

Action                     |  1- 3 |  4- 6 |  7- 9 | 10-12 | 13-15 | 16-18 || total
---------------------------+-------+-------+-------+-------+-------+-------++-------
  Melee: Dagger            |    46 |   120 |   145 |    59 |   137 |       ||   507
         Headbutt          |     4 |    23 |    28 |    30 |    49 |    20 ||   154
         Staff             |       |       |    26 |    16 |     7 |    73 ||   122
   Cast: Magic Dart        |    72 |     8 |     2 |       |       |       ||    82
         Call Imp          |     2 |     2 |     7 |     4 |       |       ||    15
         Cigotuvi's Dreadf |     1 |     1 |       |       |       |     1 ||     3
         Momentum Strike   |       |    11 |     3 |       |       |       ||    14
         Slow              |       |     1 |       |       |       |       ||     1
         Sting             |       |    48 |    57 |       |       |       ||   105
         Mephitic Cloud    |       |     2 |     3 |     1 |       |     3 ||     9
         Summon Small Mamm |       |     1 |     2 |       |       |       ||     3
         Blink             |       |     1 |     2 |       |     1 |     9 ||    13
         Iskenderun's Myst |       |       |    48 |   264 |   409 |    83 ||   804
         Summon Forest     |       |       |       |       |     8 |    49 ||    57
         Stone Arrow       |       |       |       |       |   105 |   455 ||   560
         Summon Cactus Gia |       |       |       |       |     3 |    25 ||    28
         Lehudib's Crystal |       |       |       |       |       |    61 ||    61
         Summon Mana Viper |       |       |       |       |       |     4 ||     4
         Dispel Undead     |       |       |       |       |       |     2 ||     2
 Invoke: Slouch            |       |       |       |       |     2 |     5 ||     7
         Temporal Distorti |       |       |       |       |     3 |     1 ||     4
         Step From Time    |       |       |       |       |       |     1 ||     1
  Evoke: Wand              |       |       |     2 |       |       |     1 ||     3
    Use: Scroll            |     2 |     3 |     9 |    11 |     7 |    22 ||    54
         Potion            |     2 |     2 |     8 |    10 |     1 |     8 ||    31
   Stab: Sleeping          |       |     3 |     1 |     2 |    16 |     1 ||    23
         Confused          |       |     1 |     2 |       |       |     1 ||     4
         Paralysed         |       |       |     2 |       |       |       ||     2
         Distracted        |       |       |       |       |     2 |     3 ||     5
 Armour: Robe              |    52 |   130 |    93 |       |       |       ||   275
         Troll leather arm |       |       |   175 |   232 |   470 |   549 ||  1426
  Dodge: Dodged            |    37 |    88 |   118 |   293 |   358 |   273 ||  1167

Table legend: (Time is in decaauts)
 A = Elapsed time spent in this place.
 B = Non-inter-level travel time spent in this place.
 C = Inter-level travel time spent in this place.
 D = Time resting spent in this place.
 E = Time spent auto-exploring this place.
 F = Levels seen in this place.
 G = Mean time per level.
                   A        B        C        D        E       F      G
               +--------+--------+--------+--------+--------+-----+--------+
         Total |  59345 |  50659 |   8686 |   7897 |  32762 |  33 | 1798.3 |
       Dungeon |  29419 |  25213 |   4206 |   4627 |  16037 |  15 | 1961.3 |
        Temple |      1 |      1 |      0 |      0 |      0 |   1 |    1.0 |
          Lair |  12729 |  10597 |   2132 |    572 |   7943 |   5 | 2545.8 |
         Swamp |   4495 |   3705 |    790 |    593 |   2377 |   4 | 1123.8 |
     Snake Pit |   7526 |   6565 |    961 |   1465 |   3518 |   4 | 1881.5 |
  Orcish Mines |   4009 |   3414 |    595 |    457 |   2264 |   2 | 2004.5 |
         Sewer |    308 |    308 |      0 |     52 |    122 |   1 |  308.0 |
      Gauntlet |    854 |    854 |      0 |    131 |    500 |   1 |  854.0 |
               +--------+--------+--------+--------+--------+-----+--------+

Top non-repeatable levels by time:
     D:9: 4385 daAuts
    D:10: 4090 daAuts
 Snake:1: 3655 daAuts
    D:14: 3342 daAuts
  Lair:3: 3112 daAuts
  Lair:5: 2951 daAuts
   Orc:2: 2810 daAuts
  Lair:2: 2532 daAuts
    D:15: 2146 daAuts
  Lair:1: 2096 daAuts
 Swamp:3: 2085 daAuts
  Lair:4: 2037 daAuts
 Snake:3: 1961 daAuts
    D:12: 1896 daAuts
    D:13: 1849 daAuts
